 Dungeon Crawl Stone Soup version 0.28.0 (webtiles) character file.

Game seed: 14196464968746977921

6907 HallandMoats the Fighter (level 10, -14/94 HPs)
             Began as a Minotaur Fighter on Feb 6, 2022.
             Was a Follower of the Shining One.
             Shot with an arrow by a centaur warrior (15 damage)
             ... on level 8 of the Dungeon.
             The game lasted 00:11:10 (11762 turns).

HallandMoats the Fighter (Minotaur Fighter)        Turns: 11762, Time: 00:11:12

Health: -14/94     AC: 11    Str: 23    XL:     10   Next: 79%
Magic:  0/13       EV: 14    Int:  5    God:    the Shining One [*.....]
Gold:   631        SH:  7    Dex: 14    Spells: 9/9 levels left

rFire   . . .      SeeInvis .   b - +0 broad axe
rCold   + . .      Faith    .   c - +1 buckler
rNeg    . . .      Spirit   +   s - +3 leather armour {rC+}
rPois   .          Reflect  .   (helmet unavailable)
rElec   .          Harm     .   w - +0 cloak
rCorr   .          Rampage  .   y - +0 pair of gloves
Will    .....                   (no boots)
Stlth   +.........              k - amulet of guardian spirit
HPRegen 0.25/turn               (no ring)
MPRegen 0.13/turn               (no ring)

@: glowing
A: horns 3, retaliatory headbutt, iridescent scales 1, strong 1
a: Renounce Religion, Divine Shield


You were on level 8 of the Dungeon.
You worshipped the Shining One.
The Shining One was aware of your devotion.
You visited 2 branches of the dungeon, and saw 9 of its levels.
You also visited: Sewer.

You collected 631 gold pieces.

Inventory:

Hand Weapons
 a - a +0 war axe
 b - a +0 broad axe (weapon)
Missiles
 q - a throwing net (quivered)
Armour
 c - a +1 buckler (worn)
 s - a +3 leather armour of cold resistance (worn)
 w - a +0 cloak (worn)
 y - a +0 pair of gloves (worn)
Jewellery
 k - an amulet of guardian spirit (around neck)
 l - a ring of ice
 F - an amulet of reflection
Wands
 d - a wand of flame (37)
 D - a wand of mindburst (1)
Scrolls
 e - 6 scrolls of teleportation
 f - a scroll of acquirement {unknown}
 h - 3 scrolls of enchant armour
 o - 2 scrolls of enchant weapon
 t - 2 scrolls of fog
 v - a scroll of blinking
 x - 3 scrolls of amnesia
 C - a scroll of identify
 E - a scroll of holy word {unknown}
Potions
 g - 4 potions of curing {unknown}
 i - a potion of ambrosia {unknown}
 j - 2 potions of invisibility {unknown}
 m - 4 potions of heal wounds
 n - 2 potions of brilliance
 p - 4 potions of magic
 r - a potion of flight {unknown}
 u - 2 potions of attraction {unknown}
 z - 2 potions of mutation
 A - 2 potions of resistance {unknown}
 B - 2 potions of lignification {unknown}
 G - a potion of experience {unknown}


   Skills:
 * Level 10.7 Fighting
 * Level 10.3 Axes
 + Level 7.8 Armour
 + Level 6.1 Dodging
 + Level 8.0 Shields
 + Level 5.7 Invocations


You had 9 spell levels left.
You didn't know any spells.
Your spell library contained the following spells:

 Spells                   Type           Power      Damage    Failure   Level
 Apportation              Tloc           0%         N/A       58%         1
 Magic Dart               Conj           0%         1d3       58%         1
 Slow                     Hex            0%         N/A       58%         1
 Corpse Rot               Necr/Air       0%         N/A       75%         2
 Scorch                   Fire           0%         2d5       75%         2
 Searing Ray              Conj           0%         2d4       75%         2
 Static Discharge         Conj/Air       0%         N/A       75%         2
 Call Canine Familiar     Summ           0%         N/A       92%         3
 Confusing Touch          Hex            0%         N/A       92%         3
 Gell's Gravitas          Tloc           0%         N/A       92%         3
 Ignite Poison            Fire/Tmut/Pois 0%         N/A       92%         3
 Mephitic Cloud           Conj/Pois/Air  0%         N/A       92%         3
 Portal Projectile        Hex/Tloc       0%         N/A       92%         3
 Teleport Other           Tloc           0%         N/A       92%         3
 Vampiric Draining        Necr           0%         2d6       92%         3
 Dispel Undead            Necr           0%         3d6       100%        4
 Flame Wave               Conj/Fire      0%         2d4       100%        4
 Fulminant Prism          Conj/Hex       0%         3d6       100%        4
 Leda's Liquefaction      Hex/Erth       0%         N/A       100%        4
 Alistair's Intoxication  Tmut/Pois      0%         N/A       100%        5
 Blade Hands              Tmut           0%         N/A       100%        5
 Excruciating Wounds      Necr           0%         N/A       100%        5
 Freezing Cloud           Conj/Ice/Air   0%         6-21      100%        5
 Lightning Bolt           Conj/Air       0%         1d11      100%        5
 Death Channel            Necr           0%         N/A       100%        6
 Dispersal                Tloc           0%         N/A       100%        6
 Summon Cactus Giant      Summ           0%         N/A       100%        6
 Maxwell's Capacitive Co  Air            0%         ∞         100%        8


Dungeon Overview and Level Annotations

Branches:
Dungeon (8/15)             Temple (1/1) D:6           Sewer (visited)
   Lair: D:8-11

Altars:
Ashenzari
Dithmenos
Elyvilon
Fedhas
Gozag
Hepliaklqana
Kikubaaqudgha
Nemelex Xobeh
Okawaru
Qazlal
Ru
Sif Muna
Trog
Uskayaw
Vehumet
Wu Jian
Xom
The Shining One


Innate Abilities, Weirdness & Mutations

You have a pair of large horns on your head.
You reflexively headbutt those who attack you in melee.
You are partially covered in iridescent scales. (AC +2)
Your muscles are strong. (Str +2)


Message History

You hit the vampire mosquito.
The vampire mosquito is almost destroyed.
The vampire mosquito completely misses you.
The vampire mosquito bites you but does no damage.
You barely miss the vampire mosquito. You headbutt the vampire mosquito.
You destroy the vampire mosquito!
The Shining One accepts your kill.
Your Shields skill increases to level 8!
No target in view!
No target in view!
Magic restored.
Key pressed, stopping explore.
HP restored.
You see here a vampire mosquito corpse.
You see here 18 arrows.
A centaur warrior is nearby!
A centaur warrior is nearby!
A centaur warrior is nearby!
A centaur warrior is nearby!
A centaur warrior is nearby!
The centaur warrior unwields a +0 short sword.
The centaur warrior wields a +0 longbow.
The centaur warrior shoots an arrow.
The arrow hits you!!
The centaur warrior shoots an arrow.
The arrow barely misses you.
The centaur warrior shoots an arrow.
The arrow hits you!
There is an open door, spattered with blood here.
A centaur warrior comes into view.
The centaur warrior shoots an arrow.
The arrow hits you!!
The centaur warrior wields a +0 shortbow.
The centaur warrior shoots an arrow.
The arrow hits you!!
You are too injured to fight recklessly!
You are too injured to fight recklessly!
Which direction?
You close the door.
The centaur warrior shoots an arrow.
The arrow hits you!!
* * * LOW HITPOINT WARNING * * *
The centaur warrior shoots an arrow.
The arrow hits you!
* * * LOW HITPOINT WARNING * * *
A four-headed hydra comes into view.
The centaur warrior shoots an arrow.
The arrow hits you!
You die...

####### ##########
##'###+##.....# ......)..#
#).=#...#####.# ##########.
#...#...# #.# ......# #.. #|.$
...# #.# ....#.#####D#######'##
#.#
.........#...#...#c..#####.######
....#.####.c.'.[.'[..#...........
)...#.# #..@#...#........###
#.###.#########+########.#.##....
#............(......# #.###......
#..##.############### ##.#.######
#..##.# ##.## # #..##.# #.# #
#..##.# #<# # #..##.#
####.####### ..<†..# #........)..


You could see a four-headed hydra (wandering) and 2 centaur warriors.

Vanquished Creatures
  A two-headed ogre (D:8)
  A deep elf pyromancer (D:8)
  A gargoyle (D:7)
  Psyche (D:8)
  Grinder (D:5)
  4 slime creatures
  Sigmund (D:5)
  Eustachio (D:6)
  Grum (D:8)
  A vampire mosquito (D:8)
  Menkaure (D:5)
  A water moccasin (D:8)
  An orc warrior (D:8)
  2 black bears
  2 sky beasts
  3 ice beasts
  5 centaurs
  4 wolves (D:8)
  A phantom (D:5)
  2 kobold brigands (Sewer)
  3 bullfrogs
  A gnoll sergeant (D:7)
  3 scorpions
  A wyvern skeleton (D:3)
  8 wights (D:7)
  3 howler monkeys (D:7)
  A centaur zombie (D:8)
  6 jellies
  A bullfrog zombie (D:6)
  A bullfrog skeleton (D:5)
  3 hounds
  2 orc priests
  An iguana (D:6)
  Ijyb (D:3)
  4 orc wizards
  A scorpion zombie (D:5)
  A killer bee zombie (D:6)
  A hound skeleton (D:5)
  11 adders
  11 gnolls
  A shadow imp (D:6)
  An ufetubus (D:5)
  An adder skeleton (D:4)
  2 worms (D:6)
  2 dart slugs
  10 orcs
  5 endoplasms
  3 giant cockroaches
  36 goblins
  30 hobgoblins
  8 jackals
  2 quokkas
  12 ball pythons
  8 bats
  5 frilled lizards (D:1)
  25 kobolds
  14 rats
  A spectral kobold (D:1)
265 creatures vanquished.

Vanquished Creatures (others)
  3 plants (Sewer)
3 creatures vanquished.

Grand Total: 268 creatures vanquished

Notes
Turn   | Place    | Note
-------+----------+-------------------------------------------
     0 | D:1      | HallandMoats the Minotaur Fighter began the quest for the
                  | Orb.
     0 | D:1      | Reached XP level 1. HP: 19/19 MP: 0/0
   197 | D:1      | Reached XP level 2. HP: 27/27 MP: 1/1
   665 | D:1      | Reached XP level 3. HP: 33/33 MP: 2/2
   668 | D:1      | Found a faded altar of an unknown god.
  1030 | D:2      | Identified the +1 robe of Optimism {rF- rC+ rCorr Int+5}
  1127 | D:2      | Reached skill level 1 in Dodging
  1430 | D:2      | Reached XP level 4. HP: 33/41 MP: 3/3
  1744 | D:3      | Reached skill level 1 in Invocations
  1875 | D:3      | Noticed Ijyb
  1883 | D:3      | Killed Ijyb
  1884 | D:3      | Reached XP level 5. HP: 27/47 MP: 4/4
  2532 | D:3      | Found a sacrificial altar of Ru.
  2661 | D:3      | Reached skill level 5 in Fighting
  3246 | D:3      | Reached XP level 6. HP: 39/56 MP: 6/6
  4453 | D:4      | Reached skill level 5 in Axes
  4453 | D:4      | Reached XP level 7. HP: 16/62 MP: 7/7
  4453 | D:4      | HP: 1/62 [acid (11)]
  5141 | D:4      | Reached skill level 5 in Shields
  5572 | D:5      | Entered Level 5 of the Dungeon
  5787 | D:5      | Noticed Menkaure
  5798 | D:5      | Killed Menkaure
  5799 | D:5      | Reached skill level 5 in Armour
  5905 | D:5      | Found a stormy altar of Qazlal.
  6078 | D:5      | Noticed Grinder
  6081 | D:5      | Paralysed by Grinder for 7 turns
  6089 | D:5      | Gained mutation: You are dopey. (Int -2) [potion of
                  | mutation]
  6089 | D:5      | Gained mutation: Your magical capacity is low. (-10% MP)
                  | [potion of mutation]
  6089 | D:5      | Gained mutation: You possess an exceptional clarity of
                  | mind. [potion of mutation]
  6089 | D:5      | Gained mutation: You passively map a small area around you.
                  | [potion of mutation]
  6098 | D:5      | Paralysed by Grinder for 2 turns
  6100 | D:5      | Killed Grinder
  6101 | D:5      | Reached XP level 8. HP: 28/73 MP: 8/8
  6106 | D:5      | Lost mutation: Your magical capacity is low. (-10% MP)
                  | [potion of mutation]
  6106 | D:5      | Lost mutation: You are dopey. (Int -2) [potion of mutation]
  6106 | D:5      | Lost mutation: You passively map a small area around you.
                  | [potion of mutation]
  6106 | D:5      | Gained mutation: Armour fits poorly on your strangely
                  | shaped body. [potion of mutation]
  6106 | D:5      | Gained mutation: Your flesh is heat resistant. (rF+)
                  | [potion of mutation]
  6106 | D:5      | Gained mutation: You passively dampen the noise of your
                  | surroundings. [potion of mutation]
  6107 | D:5      | Lost mutation: You passively dampen the noise of your
                  | surroundings. [potion of mutation]
  6107 | D:5      | Lost mutation: You possess an exceptional clarity of mind.
                  | [potion of mutation]
  6107 | D:5      | Gained mutation: You are agile. (Dex +2) [potion of
                  | mutation]
  6108 | D:5      | Lost mutation: Armour fits poorly on your strangely shaped
                  | body. [potion of mutation]
  6108 | D:5      | Lost mutation: Your flesh is heat resistant. (rF+) [potion
                  | of mutation]
  6108 | D:5      | Lost mutation: You are agile. (Dex +2) [potion of mutation]
  6108 | D:5      | Gained mutation: You are dopey. (Int -2) [potion of
                  | mutation]
  6109 | D:5      | Lost mutation: You are dopey. (Int -2) [potion of mutation]
  6109 | D:5      | Gained mutation: You have a pair of large horns on your
                  | head. [potion of mutation]
  6109 | D:5      | Gained mutation: Your muscles are strong. (Str +2) [potion
                  | of mutation]
  6109 | D:5      | Gained mutation: You are partially covered in iridescent
                  | scales. (AC +2) [potion of mutation]
  6513 | D:5      | Noticed Sigmund
  6687 | D:5      | Killed Sigmund
  7020 | D:6      | Noticed Eustachio
  7040 | D:6      | Killed Eustachio
  7101 | D:6      | Found a staircase to the Ecumenical Temple.
  7106 | Temple   | Entered the Ecumenical Temple
  7223 | Temple   | Became a worshipper of the Shining One
  7350 | D:6      | Found a glowing drain.
  7369 | Sewer    | Entered a sewer
  7397 | Sewer    | Reached XP level 9. HP: 64/81 MP: 7/10
  9280 | D:7      | Reached * piety under the Shining One
  9553 | D:7      | Found an opulent altar of Gozag.
  9553 | D:7      | Found a broken altar of Ashenzari.
  9554 | D:7      | Found a blossoming altar of Fedhas.
  9561 | D:7      | Reached skill level 5 in Dodging
  9636 | D:7      | Noticed a gargoyle
  9645 | D:7      | Killed a gargoyle
  9809 | D:7      | Reached XP level 10. HP: 82/91 MP: 10/12
 10252 | D:8      | Noticed a two-headed ogre
 10258 | D:8      | Killed a two-headed ogre
 10259 | D:8      | Reached skill level 5 in Invocations
 10525 | D:8      | Noticed Psyche
 10532 | D:8      | Killed Psyche
 10706 | D:8      | Reached skill level 10 in Fighting
 10871 | D:8      | Noticed Grum
 10879 | D:8      | Killed Grum
 11228 | D:8      | Noticed a centaur warrior
 11228 | D:8      | Noticed a deep elf pyromancer
 11232 | D:8      | Killed a deep elf pyromancer
 11233 | D:8      | Reached skill level 10 in Axes
 11761 | D:8      | Noticed a centaur warrior
 11762 | D:8      | HP: 1/94 [centaur warrior/arrow (12)]
 11762 | D:8      | Noticed a four-headed hydra
 11762 | D:8      | Shot with an arrow by a centaur warrior

Illustrated notes

Levels and vault maps discovered:
D:1:      onia_arrival_handbag, layout_loops_ring,
          dreamdust_ecumenical_altar_drowned_temple, st_stairs_7
D:2:      layout_basic
D:3:      minmay_goblin_kobold_castle, layout_loops_corners,
          mainiacjoe_overflow_surrounded_room, uniq_ijyb
D:4:      layout_gridville, minmay_bisected
D:5:      layout_loops_ring, mainiacjoe_overflow_brackets,
          kennysheep_opposing_triangles, uniq_grinder, uniq_menkaure,
          uniq_sigmund
D:6:      layout_layer_cave, temple_doors_ab, gup_sewer_entry_bubbles,
          hangedman_decor_slide_cut, uniq_eustachio
D:7:      layout_basic, gammafunk_temple_overflow_claw, enter_bailey_3
D:8:      layout_loops_ring, minmay_evil_grid, uniq_grum, uniq_psyche
Temple:   dshaligram_water_room_temple

Skill      XL: |  1  2  3  4  5  6  7  8  9 10 |
---------------+-------------------------------+-----
Fighting       | 4 5 7 8 9 10 | 10.7
Axes           | 3 4 5 6 7 9 10 | 10.3
Shields        | 4 5 6 7 8 |  8.0
Dodging        | 1 2 3 4 5 6 |  6.1
Armour         | 4 5 6 7 |  7.8
Invocations    | 1 2 3 4 5 |  5.7

Action                   |  1- 3 |  4- 6 |  7- 9 | 10-12 || total
-------------------------+-------+-------+-------+-------++-------
Melee: War axe           |   122 |   190 |    79 |       ||   391
       Headbutt          |    10 |    29 |    35 |    20 ||    94
       Broad axe         |       |       |   189 |    68 ||   257
Throw: Throwing net      |       |       |     1 |       ||     1
Invok: Divine Shield     |       |       |       |     2 ||     2
  Use: Potion            |       |     1 |     8 |       ||     9
       Scroll            |       |     5 |     5 |       ||    10
Armor: Scale mail        |    64 |    97 |    48 |       ||   209
       Leather armour    |       |       |    50 |    19 ||    69
Dodge: Dodged            |    59 |   120 |   188 |    37 ||   404
Block: Buckler           |    34 |    56 |   102 |    25 ||   217
